 Dungeon Crawl Stone Soup version 0.28-a0-1032-ga8db75c868 (webtiles) character file.

Game seed: 13398006391155085946

60 DrunkBamboolord the Caller (level 4, -4/36 (38) HPs)
             Began as a Gnoll Wanderer on Dec 7, 2021.
             Killed from afar by an orc wizard (7 damage)
             ... with a magic dart
             ... on level 2 of the Dungeon.
             The game lasted 00:06:00 (3181 turns).

DrunkBamboolord the Caller (Gnoll Wanderer)         Turns: 3181, Time: 00:06:01

HP:   -4/36 (38)    AC:  3    Str: 13    XL:     4   Next: 6%
MP:   13/14         EV: 11    Int: 11    God:
Gold: 106           SH:  0    Dex: 12    Spells: 4/5 levels left

rFire   . . .      SeeInvis .   c - +0 hand axe
rCold   . . .      Faith    .   (no shield)
rNeg    + . .      Spirit   .   e - +1 robe
rPois   .          Reflect  .   (no helmet)
rElec   .          Harm     .   (no cloak)
rCorr   .          Rampage  .   (no gloves)
Will    .....                   (no boots)
Stlth   +.........              (no amulet)
HPRegen 0.12/turn               a - ring of positive energy
MPRegen 0.14/turn               j - ring of magical power

@: confused, very slightly contaminated, drained
A: fangs 1, strong nose, distributed training
a: no special abilities


You were on level 2 of the Dungeon.
You visited 1 branch of the dungeon, and saw 3 of its levels.

You collected 106 gold pieces.

Inventory:

Hand Weapons
 c - a +0 hand axe (weapon)
Missiles
 b - 4 curare-tipped darts (quivered)
Armour
 e - a +1 robe (worn)
Magical Staves
 m - a staff of earth
Jewellery
 a - a ring of positive energy (left hand)
 j - a ring of magical power (right hand)
Wands
 g - a wand of charming (12)
Scrolls
 d - 2 scrolls of teleportation
 h - 2 scrolls of immolation
 k - a scroll of blinking
 l - a scroll of amnesia {unknown}
Potions
 f - 2 potions of curing
 i - a potion of heal wounds
 n - a potion of berserk rage {unknown}


   Skills:
 + Level 4.6 Fighting
 + Level 1.0 Short Blades
 + Level 1.0 Long Blades
 + Level 4.6 Axes
 + Level 1.0 Maces & Flails
 + Level 1.0 Polearms
 + Level 1.0 Staves
 + Level 1.0 Slings
 + Level 1.0 Bows
 + Level 1.0 Crossbows
 + Level 4.6 Throwing
 + Level 2.7 Armour
 + Level 1.0 Dodging
 + Level 1.0 Stealth
 + Level 1.0 Shields
 + Level 1.0 Unarmed Combat
 + Level 1.0 Spellcasting
 + Level 0.7 Conjurations
 + Level 0.7 Hexes
 + Level 5.4 Summonings
 + Level 0.7 Necromancy
 + Level 0.7 Translocations
 + Level 0.7 Transmutations
 + Level 0.7 Fire Magic
 + Level 0.7 Ice Magic
 + Level 0.7 Air Magic
 + Level 0.7 Earth Magic
 + Level 0.7 Poison Magic
 + Level 1.1 Invocations
 + Level 1.0 Evocations


You had 4 spell levels left.
You knew the following spells:

 Your Spells              Type           Power      Damage    Failure   Level
a - Foxfire               Conj/Fire      8%         2x1d4     24%         1

Your spell library contained the following spells:

 Spells                   Type           Power      Damage    Failure   Level
 Conjure Flame            Conj/Fire      2%         6-21      56%         3
 Inner Flame              Hex/Fire       2%         N/A       56%         3
 Flame Wave               Conj/Fire      2%         2d4       93%         4
 Dispersal                Tloc           1%         N/A       100%        6
 Disjunction              Tloc           1%         N/A       100%        8


Dungeon Overview and Level Annotations

Branches:
Dungeon (3/15)

Altars:
Vehumet

Shops:
D:1 ?   D:2 =


Innate Abilities, Weirdness & Mutations

You have very sharp teeth.
Your uncanny sense of smell can sniff out nearby items.
Your experience applies equally to all skills.


Message History

There is a stone staircase leading down here.
Something hits you but does no damage.
Deactivating autopickup; reactivate with Ctrl-A.
You hit something but do no damage. Something hits you.
You miss something. Something hits you but does no damage.
You miss something. Something hits you but does no damage.
You barely miss something. Something hits you.
You closely miss something. Something hits you.
You miss something. Something hits you.
You barely miss something.
You hear some strange, mumbled words.
A puff of flame appears from out of thin air!
The puff of flame hits you!
* * * LOW HITPOINT WARNING * * *
You hit something. Something hits you.
* * * LOW HITPOINT WARNING * * *
Throw: 4 darts (curare)
Press: ? - help, Q - select action, (/) - cycle Shift-Dir - straight line, f - you Really target yourself?
Okay, then.
Casting: Foxfire (safe; 24% risk of failure)
Confirm with . or Enter, or press ? or * to list all spells.
You don't know that spell.
Casting: Foxfire (safe; 24% risk of failure)
Confirm with . or Enter, or press ? or * to list all spells.
You miscast Foxfire.
You are very lightly contaminated with residual magic.
Nothing appears to happen.
Something hits you but does no damage.
You hear some strange, mumbled words.
You are confused.
You're too confused to cast spells.
Sorry, you're not good enough to have a special ability.
You bump into the rock wall.
Something hits you.
* * * LOW HITPOINT WARNING * * *
Something hits you.
* * * LOW HITPOINT WARNING * * *
A magic dart appears from out of thin air!
The magic dart hits you!
You die...

#.#
#.....###.#####....####...
#.# ####...##.......####
##.. #.# #.............#
### ###.####
##...#.#..##..# .......#
###.##.#..##..# .##.##.#
#......#......#
.##.##.###.#.#..#.##>(<#
.##.##....#..#..#.##...#
.........###.#..@.{....#
.##.#####...##.#####.###
.#...# #..∩....# #.#
.....# #.....### #.#
##...# #.....# #.# ##..##
#.....# #.# ....# #.....#
#.# ##.## ####### #.# #.#
#.#


There were no monsters in sight!

Vanquished Creatures
  A gnoll (D:1)
  A worm (D:2)
  A dart slug (D:2)
  2 orcs (D:3)
  6 endoplasms
  2 giant cockroaches (D:1)
  8 hobgoblins
  4 quokkas
  3 ball pythons
  3 bats (D:2)
  A goblin (D:1)
  6 kobolds
  3 rats
  A spectral hobgoblin (D:2)
42 creatures vanquished.

Notes
Turn   | Place    | Note
-------+----------+-------------------------------------------
     0 | D:1      | DrunkBamboolord the Gnoll Wanderer began the quest for the
                  | Orb.
     0 | D:1      | DrunkBamboolord set off with the following items: a +2
                  | dagger, 4 curare-tipped darts, a +0 hand axe, a scroll of
                  | teleportation, a +0 robe
     0 | D:1      | Reached XP level 1. HP: 20/20 MP: 1/1
   369 | D:1      | Reached XP level 2. HP: 26/26 MP: 2/2
  1389 | D:1      | Found Zure's Magic Scroll Emporium.
  1401 | D:1      | Reached XP level 3. HP: 21/31 MP: 2/4
  1703 | D:2      | Reached skill level 1 in Invocations
  1859 | D:2      | Found Iluen's Jewellery Boutique.
  2095 | D:2      | Learned a level 1 spell: Foxfire
  2296 | D:2      | Reached skill level 1 in Short Blades
  2296 | D:2      | Reached skill level 1 in Long Blades
  2296 | D:2      | Reached skill level 1 in Maces & Flails
  2296 | D:2      | Reached skill level 1 in Polearms
  2296 | D:2      | Reached skill level 1 in Staves
  2296 | D:2      | Reached skill level 1 in Slings
  2296 | D:2      | Reached skill level 1 in Bows
  2296 | D:2      | Reached skill level 1 in Crossbows
  2296 | D:2      | Reached skill level 1 in Dodging
  2296 | D:2      | Reached skill level 1 in Stealth
  2296 | D:2      | Reached skill level 1 in Shields
  2296 | D:2      | Reached skill level 1 in Unarmed Combat
  2296 | D:2      | Reached skill level 1 in Spellcasting
  2296 | D:2      | Reached skill level 1 in Evocations
  2444 | D:2      | Found a faded altar of an unknown god.
  2475 | D:2      | Found a radiant altar of Vehumet.
  3155 | D:3      | Reached XP level 4. HP: 29/36 MP: 5/5
  3181 | D:2      | Killed from afar by an orc wizard

Illustrated notes

Levels and vault maps discovered:
D:1:      mrwooster_arrival_statue, layout_loops_ring, serial_shops,
          nicolae_diamond_shop, chequers_arboretum, minmay_pentomino_u4
D:2:      layout_loops_cross, basic_altar,
          dreamdust_ecumenical_altar_drowned_temple, serial_shops, shop
D:3:      layout_basic, gammafunk_temple_overflow_claw, lemuel_old_faithful,
          uniq_grinder

Skill      XL: |  1  2  3 |
---------------+----------+-----
Invocations    | 1 |  1.1
Short Blades   | 1 |  1.0
Long Blades    | 1 |  1.0
Maces & Flails | 1 |  1.0
Polearms       | 1 |  1.0
Staves         | 1 |  1.0
Slings         | 1 |  1.0
Bows           | 1 |  1.0
Crossbows      | 1 |  1.0
Dodging        | 1 |  1.0
Stealth        | 1 |  1.0
Shields        | 1 |  1.0
Unarmed Combat | 1 |  1.0
Spellcasting   | 1 |  1.0
Evocations     | 1 |  1.0
Fighting       | |  4.6
Axes           | |  4.6
Throwing       | |  4.6
Armour         | |  2.7
Conjurations   | |  0.7
Hexes          | |  0.7
Summonings     | |  5.4
Necromancy     | |  0.7
Translocations | |  0.7
Transmutations | |  0.7
Fire Magic     | |  0.7
Ice Magic      | |  0.7
Air Magic      | |  0.7
Earth Magic    | |  0.7
Poison Magic   | |  0.7

Action                   |  1- 3 |  4- 6 || total
-------------------------+-------+-------++-------
Melee: Hand axe          |   157 |    16 ||   173
       Bite              |    11 |       ||    11
       Dagger            |     2 |       ||     2
Throw: Dart              |     2 |       ||     2
  Use: Scroll            |     7 |       ||     7
 Stab: Sleeping          |     5 |       ||     5
Armor: Robe              |    24 |     6 ||    30
Dodge: Dodged            |    88 |     2 ||    90

Table legend: (Time is in decaauts)
 A = Elapsed time spent in this place.
 B = Non-inter-level travel time spent in this place.
 C = Inter-level travel time spent in this place.
 D = Time resting spent in this place.
 E = Time spent auto-exploring this place.
 F = Levels seen in this place.
 G = Mean time per level.
                   A        B        C        D        E       F      G
               +--------+--------+--------+--------+--------+-----+--------+
         Total |   3207 |   3149 |     58 |    214 |   2394 |   3 | 1069.0 |
       Dungeon |   3207 |   3149 |     58 |    214 |   2394 |   3 | 1069.0 |
               +--------+--------+--------+--------+--------+-----+--------+

Top non-repeatable levels by time:
     D:1: 1699 daAuts
     D:2: 1336 daAuts
     D:3: 171 daAuts
